 Dungeon Crawl Stone Soup version 0.21-a0-440-g28109cb (webtiles) character file.

21 slep the Skirmisher (level 2, -6/25 HPs)
             Began as a Barachi Fighter on Nov 11, 2017.
             Mangled by a gnoll
             ... wielding a +4 spear
              (8 damage)
             ... on level 1 of the Dungeon.
             The game lasted 00:00:45 (169 turns).

slep the Skirmisher (Barachi Fighter)                Turns: 169, Time: 00:00:45

Health: -6/25      AC:  7    Str: 17    XL:     2   Next: 83%
Magic:  2/2        EV:  7    Int:  8    God:
Gold:   0          SH:  9    Dex: 11    Spells: 1/1 levels left

rFire    . . .     SeeInvis .   a - +0 long sword
rCold    . . .     Gourm    .   c - +0 shield
rNeg     . . .     Faith    .   b - +0 scale mail
rPois    .         Spirit   .   (no helmet)
rElec    .         Reflect  .   (no cloak)
rCorr    .         Harm     .   (no gloves)
MR       .....                  (no boots)
Stlth    ..........             (no amulet)
HPRegen  0.08/turn              (no ring)
MPRegen  0.08/turn              (no ring)

@: slow
A: +LOS, swims, slowness 1, strong legs 1
a: Hop


You were on level 1 of the Dungeon.
You were not hungry.

You visited 1 branch of the dungeon, and saw 1 of its levels.

Inventory:

Hand Weapons
 a - a +0 long sword (weapon)
Armour
 b - a +0 scale mail (worn)
 c - a +0 shield (worn)
Scrolls
 h - a scroll of enchant armour {unknown}
Potions
 d - a potion of might
 e - a potion of magic {unknown}
 g - a potion of lignification {unknown}
Comestibles
 f - a bread ration


   Skills:
 + Level 4.0 Fighting
 + Level 3.0 Long Blades
 + Level 3.9 Armour
 + Level 3.5 Shields


You had one spell level left.
You didn't know any spells.

Dungeon Overview and Level Annotations

Branches:
Dungeon (1/15)

Altars:


Innate Abilities, Weirdness & Mutations

Shadows flee at your approach. (+LOS)
You can swim through water.
You cover ground slowly.
You can hop short distances.


Message History

The gnoll is severely wounded.
The gnoll hits you but does no damage. The hobgoblin barely misses you.
You closely miss the gnoll.
The gnoll is severely wounded.
The gnoll hits you with an enchanted spear.
* * * LOW HITPOINT WARNING * * *
You block the hobgoblin's attack. The gnoll barely misses you.
Unknown command.
Your shield and scale mail prevent you from hitting the gnoll.
The gnoll is severely wounded.
You block the hobgoblin's attack. The gnoll hits you but does no damage.
You block the hobgoblin's attack.
Your shield and scale mail prevent you from hitting the gnoll.
The gnoll is severely wounded.
You block the gnoll's attack.
The hobgoblin hits you but does no damage.
You closely miss the gnoll.
The gnoll is severely wounded.
The gnoll hits you with an enchanted spear!
You die...

#..... .# #####
#.##.##.#
....#######.......####
.......#.............#
..........#........#.#
##...#.#.#........#..#
##...#.#.#.....?...#
................†g#
##...#.####†....@#......
#...#......#####g# g###
##.....####.## .#
.....#.###...####.#
####.#.............
#.#.###....###.# #.#.#
####.# .# #.#.# .# .#
#.#.. .# .#


You could see a gnoll and a hobgoblin.

Vanquished Creatures
  A gnoll (D:1)
  A dart slug (D:1)
  A leopard gecko (D:1)
  2 goblins (D:1)
  A hobgoblin (D:1)
  2 rats (D:1)
8 creatures vanquished.

Notes
Turn   | Place    | Note
-------+----------+-------------------------------------------
     0 | D:1      | slep the Barachi Fighter began the quest for the Orb.
     0 | D:1      | Reached XP level 1. HP: 18/18 MP: 1/1
    18 | D:1      | Reached XP level 2. HP: 25/25 MP: 2/2
   116 | D:1      | Reached skill level 4 in Fighting
   166 | D:1      | HP: 1/25 [gnoll/enchanted spear (6)]
   169 | D:1      | Mangled by a gnoll

Vault maps used:
D:1:      lightli_arrival_noodles

Skill      XL: |  1  2 |
---------------+-------+-----
Fighting       | 4 |  4.0
Long Blades    | 3 |  3.0
Armour         | |  3.9
Shields        | |  3.5

Action                   || total
-------------------------++-------
Melee: Long sword        ||    31
Armor: Scale mail        ||    12
Dodge: Dodged            ||    18
Block: Shield            ||    21
       Rpst.: Long sword ||     4

Table legend:
 A = Spawn XP
 B = Non-spawn XP
 C = Spawn XP percentage of total XP
 D = Spawn monster count
 E = Non-spawn monster count
 F = Spawn count percentage of total count
 G = Total turns spent on level
                    A         B        C        D         E        F      G
               +---------+---------+-------+---------+---------+-------+---------
         Total |       0 |      30 |   0.0 |       0 |       8 |   0.0 |   169
               +---------+---------+-------+---------+---------+-------+---------
           D:1 |       0 |      30 |   0.0 |       0 |       8 |   0.0 |   169
               +---------+---------+-------+---------+---------+-------+---------
